 Dungeon Crawl Stone Soup version 0.25-a0-294-gea9b1ad378 (webtiles) character file.

Game seed: 8545213780738809610, levelgen mode: classic

2363 Borgoz the Slasher (level 9, -4/56 HPs)
             Began as a Gargoyle Gladiator on Dec 18, 2019.
             Was an Initiate of Ashenzari.
             Slain by an orc warrior
             ... wielding a +0 trident
              (15 damage)
             ... in the Ecumenical Temple.
             The game lasted 00:12:02 (6918 turns).

Borgoz the Slasher (Gargoyle Gladiator)             Turns: 6918, Time: 00:12:03

Health: -4/56      AC: 18    Str: 17    XL:     9   Next: 44%
Magic:  9/9        EV: 13    Int: 10    God:    Ashenzari [......]
Gold:   372        SH:  0    Dex: 14    Spells: 8/8 levels left

rFire    . . .     SeeInvis .   a - +1 long sword
rCold    . . .     Gourm    .   (no shield)
rNeg     + . .     Faith    +   n - +0 ring mail (curse)
rPois    ∞         Spirit   .   c - +0 helmet
rElec    +         Reflect  .   h - +2 cloak
rCorr    .         Harm     .   (no gloves)
MR       .....                  w - +0 pair of boots
Stlth    +.........             m - amulet of faith
HPRegen  0.18/turn              (no ring)
MPRegen  0.11/turn              (no ring)

@: no status effects
A: negative energy resistance 1, electricity resistance, unbreathing,
petrification resistance, rot immunity, AC +6
a: Curse Item, Renounce Religion


You were in the Ecumenical Temple.
You worshipped Ashenzari.
Ashenzari was noncommittal.
You were hungry.

You visited 2 branches of the dungeon, and saw 8 of its levels.

You collected 372 gold pieces.

Inventory:

Hand Weapons
 a - a +1 long sword (weapon)
Missiles
 d - 3 throwing nets (quivered)
Armour
 b - a +0 plate armour of cold resistance
 c - a +0 helmet (worn)
 h - a +2 cloak (worn)
 n - a cursed +0 ring mail (worn)
 w - a +0 pair of boots (worn)
Jewellery
 m - an amulet of faith (around neck)
 A - an uncursed ring of flight
Wands
 q - a wand of iceblast (12)
 t - a wand of paralysis (9)
Scrolls
 i - 4 scrolls of enchant weapon
 j - 2 scrolls of random uselessness {unknown}
 k - 3 scrolls of enchant armour {unknown}
 l - a scroll of teleportation
 o - 3 scrolls of blinking {unknown}
 p - 2 scrolls of amnesia {unknown}
 v - 2 scrolls of identify
 z - a scroll of remove curse
Potions
 e - a potion of curing
 r - a potion of ambrosia
 s - a potion of brilliance
 u - 3 potions of agility
Comestibles
 f - 18 rations


   Skills:
 + Level 6.4 Fighting
 * Level 7.7 Long Blades
 - Level 1.7 Throwing
 + Level 5.8 Armour
 + Level 5.2 Dodging


You had 8 spell levels left.
You didn't know any spells.
Your spell library was empty.

Dungeon Overview and Level Annotations

Branches:
Dungeon (7/15)             Temple (1/1) D:6

Altars:
Ashenzari
Cheibriados
Elyvilon
Fedhas
Gozag
Hepliaklqana
Makhleb
Nemelex Xobeh
Okawaru
Ru
Sif Muna
Trog
Uskayaw
Vehumet
Wu Jian
Xom
Yredelemnul
Zin

Shops:
D:6 :   D:7 %

Annotations:
D:6 Prince Ribbit


Innate Abilities, Weirdness & Mutations

You are resistant to torment.
Your stone body is resilient. (AC +6)
You are immune to poison.
You resist negative energy. (rN+)
You are resistant to electric shocks. (rElec)
You can survive without breathing.
You are immune to petrification.
You are immune to rotting.


Message History

You hear some strange, mumbled words.
A puff of flame appears from out of thin air!
The puff of flame hits you!
The orc warrior hits you with a +0 trident!
* * * LOW HITPOINT WARNING * * *
The orc hits the plant but does no damage.
A magic dart appears from out of thin air!
The magic dart hits you.
* * * LOW HITPOINT WARNING * * *
There is a staircase to the Ecumenical Temple here.
The orc warrior hits you with a +0 trident!
* * * LOW HITPOINT WARNING * * *
The orc hits the plant but does no damage.
Prince Ribbit hits you but does no damage.
You climb downwards.
Welcome back to the Ecumenical Temple!
Reactivating autopickup.
There is a staircase back to the Dungeon here.
You feel better.
The orc warrior hits you with a +0 trident!
You die...

≈≈≈≈≈≈...≈≈≈≈≈≈
≈≈≈≈≈≈...≈≈≈≈≈≈
≈≈≈≈≈≈...≈≈≈≈≈≈
≈≈≈≈≈≈...≈≈≈≈≈≈
≈≈≈≈≈≈...≈≈≈≈≈≈
≈≈≈≈≈.....≈≈≈≈≈
...............
...............
.⌠.....@.....⌠.
.......o.......
...............
≈≈≈≈≈≈≈≈≈≈≈≈≈≈≈
≈≈≈≈≈≈≈≈≈≈≈≈≈≈≈
≈≈≈≈≈≈≈≈≈≈≈≈≈≈≈
≈≈≈≈≈≈≈≈≈≈≈≈≈≈≈
≈≈≈≈≈≈≈≈≈≈≈≈≈≈≈


You could see an orc warrior.

Vanquished Creatures
  A hungry ghost (D:7)
  Menkaure (D:7)
  An orc warrior (D:7)
  A sky beast (D:5)
  An ice beast (D:5)
  A phantom (D:6)
  A necrophage (D:7)
  A centaur (D:6)
  2 ogres
  Blork the orc (D:5)
  A bullfrog (D:6)
  2 scorpions (D:7)
  2 jellies (D:7)
  3 crimson imps
  Crazy Yiuf (D:3)
  3 hounds
  5 orc priests
  4 orc wizards
  Jessica (D:3)
  Terence (D:3)
  Natasha (thrice) (D:3)
  An iguana (D:7)
  2 worker ants (D:7)
  A killer bee zombie (D:7)
  A hound skeleton (D:5)
  Robin (D:3)
  2 adders
  18 gnolls
  A shadow imp (D:5)
  2 oozes
  3 adder zombies (D:5)
  5 worms
  3 dart slugs
  5 leopard geckos
  29 orcs
  3 giant cockroaches
  5 hobgoblins
  3 jackals (D:5)
  3 quokkas
  A ball python (D:3)
  5 bats
  7 frilled lizards
  20 goblins
  A jackal skeleton (D:4)
  4 kobolds
  2 leopard gecko skeletons
  A quokka skeleton (D:5)
  8 rats
174 creatures vanquished.

Notes
Turn   | Place    | Note
-------+----------+-------------------------------------------
     0 | D:1      | Borgoz the Gargoyle Gladiator began the quest for the Orb.
     0 | D:1      | Reached XP level 1. HP: 12/12 MP: 1/1
   119 | D:1      | Reached XP level 2. HP: 18/18 MP: 2/2
   151 | D:1      | Reached skill level 3 in Long Blades
   263 | D:1      | You fall into a shaft and drop 1 floor!
   299 | D:2      | Reached skill level 1 in Armour
   327 | D:2      | Reached XP level 3. HP: 13/22 MP: 3/3
  1596 | D:3      | Noticed Natasha
  1613 | D:3      | Killed Natasha
  1613 | D:3      | Reached XP level 4. HP: 11/27 MP: 4/4
  1905 | D:3      | Reached XP level 5. HP: 5/32 MP: 5/5
  2370 | D:3      | Noticed Natasha
  2376 | D:3      | Killed Natasha
  2376 | D:3      | Reached skill level 4 in Long Blades
  2379 | D:3      | Noticed Natasha
  2403 | D:3      | Killed Natasha
  2694 | D:3      | Found a burning altar of Makhleb.
  2702 | D:3      | Found a shimmering blue altar of Sif Muna.
  2707 | D:3      | Noticed Robin
  2834 | D:2      | Reached XP level 6. HP: 37/37 MP: 6/6
  2950 | D:3      | Killed Robin
  3195 | D:3      | Noticed Terence
  3207 | D:3      | Killed Terence
  3210 | D:3      | Noticed Jessica
  3211 | D:3      | Killed Jessica
  3542 | D:3      | Found a runed translucent door.
  3543 | D:3      | Noticed Crazy Yiuf
  3551 | D:3      | Killed Crazy Yiuf
  4023 | D:5      | Entered Level 5 of the Dungeon
  4077 | D:5      | Noticed an ice beast
  4126 | D:5      | Killed an ice beast
  4126 | D:5      | Reached XP level 7. HP: 19/43 MP: 7/7
  4131 | D:5      | Reached skill level 5 in Long Blades
  4692 | D:6      | Reached XP level 8. HP: 29/48 MP: 8/8
  4936 | D:6      | Found Byvvuduamn's Book Shoppe.
  5085 | D:6      | Reached skill level 5 in Fighting
  5085 | D:6      | Reached skill level 6 in Long Blades
  5353 | D:5      | Noticed Blork the orc
  5393 | D:5      | HP: 3/73 [something (2)]
  5394 | D:5      | Killed Blork the orc
  5861 | D:5      | You fall into a shaft and drop 2 floors!
  6000 | D:7      | Found a snail-covered altar of Cheibriados.
  6001 | D:7      | Found a bloodstained altar of Trog.
  6100 | D:7      | Found a hazy altar of Hepliaklqana.
  6107 | D:7      | Found a sparkling altar of Nemelex Xobeh.
  6127 | D:7      | Reached skill level 5 in Armour
  6133 | D:7      | Found Huer's Food Boutique.
  6220 | D:7      | Reached skill level 7 in Long Blades
  6220 | D:7      | Reached XP level 9. HP: 52/55 MP: 9/9
  6315 | D:7      | Reached skill level 5 in Dodging
  6434 | D:7      | Found an ornate altar of the Wu Jian Council.
  6501 | D:7      | Noticed Menkaure
  6516 | D:7      | Killed Menkaure
  6566 | D:6      | Found a staircase to the Ecumenical Temple.
  6593 | D:6      | Noticed Prince Ribbit
  6641 | Temple   | Entered the Ecumenical Temple
  6874 | Temple   | Became a worshipper of Ashenzari the Shackled
  6916 | D:6      | HP: 1/56 [orc warrior/+0 trident (8)]
  6918 | Temple   | Slain by an orc warrior

Levels and vault maps discovered:
D:1:      eino_arrival_water_cross, layout_rooms
D:2:      minmay_alternating_diamond, layout_basic, first_ration
D:3:      layout_basic, bloody_makhleb, overflow_temple_1_default,
          hangedman_decor_peaks_small, uniq_crazy_yiuf_cottage, uniq_natasha,
          uniq_jessica, uniq_robin, uniq_terence
D:4:      layout_rooms
D:5:      layout_basic, uniq_blork_the_orc
D:6:      layout_loops_cross, lemuel_crystal_altar,
          minmay_temple_entry_gardened_gates, serial_shops, shop,
          uniq_prince_ribbit1
D:7:      layout_cave_pools, lemuel_coloured_pillars_altar,
          grunt_temple_overflow_cloverleaf, serial_shops, nicolae_shop_crystal,
          grunt_ogre_cave, uniq_menkaure
Temple:   minmay_temple_bridge_abc

Skill      XL: |  1  2  3  4  5  6  7  8  9 |
---------------+----------------------------+-----
Long Blades    | 3 4 5 7 |  7.7
Armour         | 1 2 3 5 |  5.8
Fighting       | 3 4 5 6 |  6.4
Dodging        | 3 4 5 |  5.2
Throwing       | |  1.7

Action                   |  1- 3 |  4- 6 |  7- 9 || total
-------------------------+-------+-------+-------++-------
Melee: Long sword        |    99 |   212 |   460 ||   771
Throw: Throwing net      |     3 |     2 |     3 ||     8
  Use: Potion            |       |     1 |     9 ||    10
       Scroll            |       |       |     6 ||     6
 Stab: Held in net/web   |     1 |     1 |     1 ||     3
  Eat: Chunk             |     2 |     9 |    15 ||    26
Armor: Leather armour    |    33 |    31 |       ||    64
       Ring mail         |       |    90 |   227 ||   317
       Skin              |       |     6 |       ||     6
Dodge: Dodged            |    65 |   173 |   350 ||   588
       Rpst.: Long sword |    20 |    52 |    97 ||   169

Table legend:
 A = Non-vault XP
 B = Vault XP
 C = Vault XP percentage of total XP
 D = Non-vault monster count
 E = Vault monster count
 F = Vault count percentage of total count
                 A         B        C        D         E       F
            +---------+---------+-------+---------+---------+-------
      Total |    2784 |     593 |  17.6 |     152 |      22 |  12.6
            +---------+---------+-------+---------+---------+-------
        D:1 |      26 |       0 |   0.0 |      17 |       0 |   0.0
        D:2 |      27 |      17 |  38.6 |      11 |       6 |  35.3
        D:3 |     223 |     183 |  45.1 |      36 |      13 |  26.5
        D:4 |      21 |       0 |   0.0 |       5 |       0 |   0.0
        D:5 |     799 |     100 |  11.1 |      38 |       1 |   2.6
        D:6 |     636 |       0 |   0.0 |      23 |       0 |   0.0
        D:7 |    1052 |     293 |  21.8 |      22 |       2 |   8.3
            +---------+---------+-------+---------+---------+-------
